 Dungeon Crawl Stone Soup version 0.27.1-4-g1640c2035a (webtiles) character file.

Game seed: 11673211153642445561

10424 MisterFreud the Basher (level 11, 0/94 HPs)
             Began as a Minotaur Abyssal Knight on Nov 1, 2021.
             Was a High Priest of Lugonu.
             Slain by a death yak (18 damage)
             ... on level 10 of the Dungeon.
             The game lasted 00:12:39 (11733 turns).

MisterFreud the Basher (Minotaur Abyssal Knight)   Turns: 11733, Time: 00:12:39

Health: 0/94       AC: 17    Str: 19    XL:     11   Next: 36%
Magic:  11/15      EV:  8    Int:  9    God:    Lugonu [*****.]
Gold:   487        SH:  0    Dex: 11    Spells: 10/10 levels left

rFire    . . .     SeeInvis +   t - +5 flail (holy)
rCold    . . .     Faith    .   (no shield)
rNeg     . . .     Spirit   .   I - +2 chain mail {Will+}
rPois    .         Reflect  .   (helmet restricted)
rElec    .         Harm     .   l - +2 cloak
rCorr    .         Rampage  .   (no gloves)
Will     +....                  (no boots)
Stlth    ..........             (no amulet)
HPRegen  0.25/turn              f - ring of see invisible
MPRegen  0.14/turn              h - ring of flight

@: flying
A: horns 2, retaliatory headbutt
a: Renounce Religion, Depart the Abyss, Bend Space, Banish, Corrupt, Enter the
Abyss


You were on level 10 of the Dungeon.
You worshipped Lugonu.
Lugonu was extremely pleased with you.
You visited 1 branch of the dungeon, and saw 10 of its levels.
You visited the Abyss 1 time.

You collected 487 gold pieces.

Inventory:

Hand Weapons
 a - a +1 falchion
 q - a +0 long sword
 t - a +5 flail of holy wrath (weapon)
 F - a +3 long sword
Missiles
 b - a curare-tipped dart
 i - 47 poisoned darts
 E - 9 boomerangs
 L - a throwing net
Armour
 l - a +2 cloak (worn)
 D - a +0 kite shield
 I - a +2 chain mail of willpower (worn)
Jewellery
 f - a ring of see invisible (left hand)
 h - a ring of flight (right hand)
 k - a ring of ice
 K - a +6 ring of strength
Wands
 c - a wand of acid (16)
 y - a wand of iceblast (47)
 B - a wand of flame (52)
 C - a wand of paralysis (4)
Scrolls
 d - 2 scrolls of immolation {unknown}
 e - 2 scrolls of fear
 g - 5 scrolls of teleportation
 n - a scroll of amnesia
 o - a scroll of torment
 p - 2 scrolls of summoning {unknown}
 r - 3 scrolls of enchant weapon {unknown}
 u - 4 scrolls of fog
 w - a scroll of holy word {unknown}
 x - a scroll of vulnerability
 G - a scroll of silence
 M - a scroll of brand weapon
 N - 2 scrolls of blinking {unknown}
Potions
 j - a potion of magic
 m - a potion of haste
 s - a potion of attraction {unknown}
 v - a potion of lignification
 z - 4 potions of heal wounds
 A - 2 potions of curing
 H - 2 potions of brilliance


   Skills:
 - Level 8.0 Fighting
 - Level 6.3 Long Blades
 - Level 14.0 Maces & Flails
 + Level 9.9 Armour
 - Level 1.1 Dodging
 + Level 6.9 Invocations
 + Level 1.9 Evocations


You had 10 spell levels left.
You didn't know any spells.
Your spell library contained the following spells:

 Spells                   Type           Power      Damage    Failure   Level
 Freeze                   Ice            0%         1d3       97%         1
 Frozen Ramparts          Ice            0%         1d2       100%        3
 Portal Projectile        Hex/Tloc       0%         N/A       100%        3
 Cause Fear               Hex            0%         N/A       100%        4
 Hailstorm                Conj/Ice       0%         3d3       100%        4
 Petrify                  Tmut/Erth      0%         N/A       100%        4
 Blade Hands              Tmut           0%         N/A       100%        5
 Excruciating Wounds      Necr           0%         N/A       100%        5
 Metabolic Englaciation   Hex/Ice        0%         N/A       100%        5
 Statue Form              Tmut/Erth      0%         N/A       100%        6
 Dragon Form              Tmut           0%         N/A       100%        7
 Dragon's Call            Summ           0%         N/A       100%        9


Dungeon Overview and Level Annotations

Branches:
Dungeon (10/15)            Temple (0/1) D:4            Lair (0/6) D:10
    Orc: D:9-12

Altars:
Ashenzari
Cheibriados
Elyvilon
Fedhas
Hepliaklqana
Kikubaaqudgha
Makhleb
Okawaru
Sif Muna
Uskayaw
Yredelemnul
Zin
The Shining One

Shops:
D:7 (

Annotations:
D:3 3 runed translucent doors, othur's ghost, amateur HOFi


Innate Abilities, Weirdness & Mutations

You have a pair of horns on your head.
You reflexively headbutt those who attack you in melee.


Message History

You barely miss the death yak. Your headbutt misses the death yak.
The death yak is lightly wounded.
The death yak gores you.
You sock the death yak! You headbutt the death yak.
The death yak is moderately wounded.
The death yak closely misses you. You furiously retaliate!
You headbutt the death yak. You hit the death yak.
The death yak is moderately wounded.
You thump the death yak!
You headbutt the death yak, but do no damage.
The death yak is heavily wounded.
The death yak barely misses you.
You hit the death yak. Your headbutt misses the death yak.
The death yak is heavily wounded.
The death yak gores you but does no damage.
You sock the death yak!
The death yak is severely wounded.
The death yak gores you!!
You sock the death yak! Your headbutt misses the death yak.
The death yak is severely wounded.
You sock the death yak!
The death yak is almost dead.
The death yak gores you!
* * * LOW HITPOINT WARNING * * *
You hit the death yak.
You headbutt the death yak, but do no damage.
The death yak is almost dead.
The death yak gores you!
* * * LOW HITPOINT WARNING * * *
You hit the death yak.
The death yak is almost dead.
You sock the death yak!
You kill the death yak!
Lugonu accepts your kill.
Press: ? - help, Shift-Dir - straight line, f - death yak
Aim: a death yak (chance to affect: 21%)
The death yak resists with almost no effort.
The death yak gores you!!
You die...

...†....#.......####.#.#.#
....................>..#.#
###.#...#.......########.#
#.#...#.......##.).)...#
###.#...#.......##.#######
.............#+###.#
#..............# #.#
............#..###.#
........#..#...Y@..#
...............#####
##.....>..........###
##...#..............#
##....#.......+..<..#
#.............#.Y...#
.#)#.#.......##.....#
.#........#####Y....#
.##..##### #........#


You could see a death yak.

Vanquished Creatures
  2 death yaks (D:10)
  A two-headed ogre (D:9)
  Maurice (D:10)
  8 centaur zombies
  An unseen horror (D:6)
  A kobold demonologist (D:9)
  Prince Ribbit (D:7)
  A vampire (D:10)
  A shadow (D:10)
  11 yaks
  Edmund (D:4)
  2 water moccasins (D:7)
  2 orc warriors
  4 ice beasts
  3 necrophages
  3 ogres
  6 centaurs
  2 kobold brigands
  A bullfrog (D:8)
  2 wyvern zombies
  2 gnoll sergeants
  3 scorpions
  A water moccasin zombie (D:6)
  A water moccasin skeleton (D:7)
  3 killer bees
  13 wights
  5 electric eels (D:10)
  2 bullfrog zombies
  2 jellies
  2 hounds (D:6)
  A human zombie (D:4)
  4 orc priests
  3 bullfrog skeletons
  Jessica (D:3)
  3 iguanas
  Ijyb (D:5)
  7 orc wizards
  2 hell rats (D:10)
  4 scorpion zombies
  A killer bee zombie (D:9)
  A hound skeleton (D:6)
  4 mummies (D:4)
  2 howler monkey zombies
  5 adders
  11 gnolls
  A shadow imp (D:5)
  A white imp (D:7)
  3 ufetubi
  3 adder zombies (D:4)
  A worm (D:2)
  A dart slug (D:2)
  32 orcs
  11 ball pythons
  6 endoplasms
  6 giant cockroaches
  6 goblins
  7 hobgoblins
  6 jackals
  A quokka (D:10)
  8 bats
  2 frilled lizards (D:2)
  11 kobolds
  6 rats
250 creatures vanquished.

Vanquished Creatures (others)
  5 plants (D:1)
5 creatures vanquished.

Grand Total: 255 creatures vanquished

Notes
Turn   | Place    | Note
-------+----------+-------------------------------------------
     0 | Abyss:1  | MisterFreud the Minotaur Abyssal Knight began the quest for
                  | the Orb.
     0 | Abyss:1  | Reached XP level 1. HP: 19/19 MP: 1/1
    22 | D:1      | Escaped the Abyss
   416 | D:1      | Reached XP level 2. HP: 25/27 MP: 2/2
   811 | D:1      | Found a faded altar of an unknown god.
  1197 | D:2      | Found a shimmering blue altar of Sif Muna.
  1275 | D:2      | Reached skill level 5 in Fighting
  1275 | D:2      | Reached XP level 3. HP: 19/36 MP: 3/3
  1549 | D:2      | Reached ** piety under Lugonu
  1929 | D:3      | Reached XP level 4. HP: 26/44 MP: 4/4
  2105 | D:3      | Noticed a scorpion
  2112 | D:3      | Killed a scorpion
  2414 | D:3      | Noticed a centaur
  2420 | D:3      | Killed a centaur
  2421 | D:3      | Reached XP level 5. HP: 28/52 MP: 5/5
  2644 | D:3      | Noticed othur's ghost (amateur HOFi)
  2645 | D:3      | Found a runed translucent gate.
  2645 | D:3      | Found a runed translucent gate.
  2645 | D:3      | Found a runed translucent gate.
  2726 | D:3      | Noticed Jessica
  2729 | D:3      | Killed Jessica
  2735 | D:3      | Found a shimmering blue altar of Sif Muna.
  2922 | D:3      | HP: 2/53 [orc (6)]
  2932 | D:3      | Reached XP level 6. HP: 36/61 MP: 6/6
  3522 | D:3      | Found a glowing golden altar of the Shining One.
  3691 | D:3      | Reached *** piety under Lugonu
  3708 | D:4      | Reached skill level 5 in Armour
  4057 | D:4      | Identified the +4 ring mail of Liysch Beos {rF++ Str+3}
  4131 | D:4      | Reached XP level 7. HP: 33/68 MP: 7/7
  4305 | D:4      | Found a staircase to the Ecumenical Temple.
  4583 | D:4      | Found an ancient bone altar of Kikubaaqudgha.
  4593 | D:4      | Reached skill level 5 in Long Blades
  4794 | D:4      | Noticed Edmund
  4811 | D:4      | Killed Edmund
  5116 | D:5      | Entered Level 5 of the Dungeon
  5163 | D:5      | Reached skill level 1 in Maces & Flails
  5189 | D:5      | Reached skill level 2 in Maces & Flails
  5189 | D:5      | Reached XP level 8. HP: 41/74 MP: 8/8
  5196 | D:5      | Reached skill level 3 in Maces & Flails
  5621 | D:5      | Reached skill level 4 in Maces & Flails
  5797 | D:5      | Reached skill level 5 in Maces & Flails
  5953 | D:5      | Found a hazy altar of Hepliaklqana.
  6035 | D:5      | Noticed Ijyb
  6047 | D:5      | Killed Ijyb
  6195 | D:5      | Found a glowing silver altar of Zin.
  6195 | D:5      | Found a hide-covered altar of Uskayaw.
  6195 | D:5      | Found a white marble altar of Elyvilon.
  6266 | D:6      | Reached skill level 6 in Maces & Flails
  6276 | D:6      | Reached **** piety under Lugonu
  6289 | D:6      | Reached skill level 7 in Maces & Flails
  6313 | D:6      | You fall into a shaft and drop 1 floor!
  6377 | D:7      | Found a broken altar of Ashenzari.
  6460 | D:7      | Reached skill level 8 in Maces & Flails
  6466 | D:7      | Paralysed by an orc for 7 turns
  6668 | D:6      | Reached XP level 9. HP: 56/81 MP: 9/9
  6860 | D:6      | Reached skill level 9 in Maces & Flails
  7069 | D:6      | Reached skill level 10 in Maces & Flails
  7072 | D:6      | Found a burning altar of Makhleb.
  7350 | D:6      | Noticed an unseen horror
  7370 | D:6      | Reached skill level 11 in Maces & Flails
  7377 | D:6      | Killed an unseen horror
  7386 | D:6      | Reached skill level 12 in Maces & Flails
  7871 | D:6      | Found a basalt altar of Yredelemnul.
  7975 | D:7      | Reached XP level 10. HP: 77/88 MP: 7/10
  8051 | D:7      | Found Yludwo's Weapon Shoppe.
  8059 | D:7      | Reached skill level 13 in Maces & Flails
  8286 | D:7      | Noticed Prince Ribbit
  8296 | D:7      | Killed Prince Ribbit
  8771 | D:8      | Reached skill level 14 in Maces & Flails
  9069 | D:8      | Reached ***** piety under Lugonu
  9757 | D:10     | Entered Level 10 of the Dungeon
  9757 | D:10     | Noticed Maurice
  9770 | D:10     | Killed Maurice
 10227 | D:9      | Noticed a two-headed ogre
 10238 | D:9      | Killed a two-headed ogre
 10239 | D:9      | Reached skill level 5 in Invocations
 10883 | D:10     | Reached XP level 11. HP: 58/94 MP: 14/14
 11280 | D:10     | Found a snail-covered altar of Cheibriados.
 11422 | D:10     | Found an iron altar of Okawaru.
 11422 | D:10     | Found a blossoming altar of Fedhas.
 11561 | D:10     | Noticed a death yak
 11561 | D:10     | Noticed a death yak
 11562 | D:10     | Found a staircase to the Lair.
 11706 | D:10     | Noticed a death yak
 11719 | D:10     | Killed a death yak
 11720 | D:10     | Reached skill level 1 in Evocations
 11732 | D:10     | Killed a death yak
 11733 | D:10     | Slain by a death yak

Illustrated notes

Levels and vault maps discovered:
D:1:      amcnicky_arrival_double_pillar, layout_loops_ring, serial_bayou,
          serial_bayou_lagoon_b, serial_bayou_pond_c, serial_bayou_pond_c,
          serial_bayou_shore_b, ebering_ecumenical_altar_webs
D:2:      layout_basic, basic_altar, minmay_pentomino_pile
D:3:      layout_loops_ring, tgw_sif, mainiacjoe_overflow_paths,
          gammafunk_ghost_split
D:4:      layout_cave_pools, lemuel_mausoleum_altar_kikubaaqudgha,
          minmay_temple_entry_crystal_x, uniq_edmund
D:5:      layout_loops_ring, gammafunk_temple_overflow_claw,
          kennysheep_mini_moat, minivault_5, chequers_serial_rivers_micro_b,
          uniq_ijyb
D:6:      layout_loops_corners, nicolae_yredelemnul_corpse_copse,
          makhleb_blood_cavern_becter, cheibrodos_sewer_entry_sluice
D:7:      layout_basic, nicolae_ashenzari_skybound, serial_shops, shop_statue,
          uniq_prince_ribbit1
D:8:      layout_basic
D:9:      layout_cave_pools, wad_rectangle_vault
D:10:     layout_basic, mainiacjoe_overflow_24_doors,
          chequers_temple_overflow_statue_of_worship, dpeg_lair_monsters,
          uniq_maurice

Skill      XL: |  1  2  3  4  5  6  7  8  9 10 11 |
---------------+----------------------------------+-----
Invocations    | 2 5 6 |  6.9
Fighting       | 4 5 7 8 |  8.0
Armour         | 5 6 8 9 |  9.9
Long Blades    | 6 |  6.3
Maces & Flails | 2 8 12 14 | 14.0
Evocations     | 1 |  1.9
Dodging        | |  1.1

Action                   |  1- 3 |  4- 6 |  7- 9 | 10-12 || total
-------------------------+-------+-------+-------+-------++-------
Melee: Falchion          |    72 |   114 |    18 |       ||   204
       Headbutt          |     8 |    26 |    67 |    65 ||   166
       Long sword        |       |       |    72 |       ||    72
       Flail             |       |       |   158 |   261 ||   419
Invok: Banish            |       |       |       |     1 ||     1
Evoke: Wand              |       |       |       |     9 ||     9
  Use: Potion            |       |     5 |       |       ||     5
       Scroll            |       |       |       |    13 ||    13
 Stab: Invisible         |       |     4 |       |       ||     4
Armor: Leather armour    |     7 |       |       |       ||     7
       Ring mail         |    17 |    16 |   101 |    20 ||   154
       Chain mail        |       |    51 |       |   111 ||   162
Dodge: Dodged            |    41 |    56 |   130 |    99 ||   326
       Rpst.: Falchion   |    14 |    19 |     4 |       ||    37
       Long sword        |       |       |     6 |       ||     6
